[Event "*** Titled Tuesday Blitz"]
[Site "Chess.com"]
[Date "2019.09.03"]
[Round "5"]
[White "ElGasanov"]
[Black "GadimbayliA"]
[Result "1/2-1/2"]
[WhiteElo "2687"]
[BlackElo "2867"]
[TimeControl "180+2"]
[EndTime "16:06:16 PDT"]
[Termination "Game drawn by repetition"]

1. d4 Nf6 2. c4 b6 3. Nc3 Bb7 4. Qc2 d5 5. cxd5 Nxd5 6. Nf3 e6 7.
e4 Nxc3 8. bxc3 Be7 9. Bb5+ c6 10. Bd3 O-O 11. O-O c5 12. Bb2 cxd4 13. cxd4 Nc6 14.
Qe2 Nb4 15. Bc4 b5 16. Bxb5 Qb6 17. a3 Nc2 18. Rac1 Rac8 19. a4 a6 20. Rxc2 Rxc2 21. Qxc2 axb5 22. axb5 Qxb5 23. Re1 Rc8 24. Qe2 Qa5 25.
d5 exd5 26. exd5 Bf8 27. Rd1 Rd8 28. d6 Rxd6 29. Rxd6 Bxd6 30. Qd2 Qf5 31. Qc3 Bf8 32. Nd2 h5 33. Nf1 Qg6 34. Ne3 Kh7 35. h3 Be4 36. Ba3 Bd6 37. Bxd6 Qxd6 38. Qc4 Bg6 39. h4 Qd2 40. Qf4 Qe1+ 41. Kh2 Qd2 42. Qg3 Qd4 43. Qg5 f6 44. Qg3 Qe4 45. Kg1 Qb1+ 46. Kh2 Qb4 47. Nd5 Qe4 48. Nf4 Bf7 49. f3 Qc4 50. Nh3 Qd4 51.
Nf2 Bd5 52. Nh3 Bf7 53. Nf4 Qc4 54. Nh3 Qd4 1/2-1/2

[Event "*** Titled Tuesday Blitz"]
[Site "Chess.com"]
[Date "2019.09.03"]
[Round "5"]
[White "Shahinyan_ChessMood"]
[Black "albi1999"]
[Result "1-0"]
[WhiteElo "2680"]
[BlackElo "2484"]
[TimeControl "180+2"]
[EndTime "16:06:16 PDT"]
[Termination "Shahinyan_ChessMood won by resignation"]

1. e4 e5 2. Nf3 Nc6 3. Bc4 Bc5 4. O-O Nf6 5. d4 Bxd4 6. Nxd4 Nxd4 7. f4 d6 8. fxe5 dxe5 9. Bg5 Qe7 10. Na3 Be6 11.
c3 Bxc4 12. Nxc4 Ne6 13. Bh4 Qc5+ 14. Kh1 Qxc4 15. Bxf6 gxf6 16. Rxf6 Qxe4 17. Qd2 Rg8 18. Re1 Qc6 19. Rf2 Qd6 20. Qe3 Qc5 21. Qd2 Rd8 22.
Qe2 e4 23. Qf1 Qh5 24. h3 Qg6 25. Qb5+ Kf8 26. Qxb7 e3 27. Rxe3 Rd1+ 28. Kh2 Qb1 29. Qb8+ Kg7 30. Rg3+ Kh6 31. Rxg8 Rh1+ 32. Kg3 Qd3+ 33.
Rf3 Qd6+ 34. Kh4 Re1 35. Qb4 Qe5 36. g4 Re4 37. Qxe4 Qxe4 38. Rf6+ Qg6 39. Rgxg6+ hxg6 40. Rxf7 Ng5 41. Rxc7 Ne4 42. g5+ 1-0

[Event "*** Titled Tuesday Blitz"]
[Site "Chess.com"]
[Date "2019.09.03"]
[Round "5"]
[White "JMatias"]
[Black "tteshan"]
[Result "0-1"]
[WhiteElo "2367"]
[BlackElo "2193"]
[TimeControl "180+2"]
[EndTime "16:06:19 PDT"]
[Termination "tteshan won by resignation"]

1. c4 g6 2. d4 Bg7 3. Nf3 d6 4. g3 Nd7 5. Bg2 e5 6. Nc3 Ne7 7. O-O O-O 8. e4 h6 9. Be3 f5 10.
dxe5 dxe5 11. Qc2 f4 12. Bd2 g5 13. g4 Nc5 14. h3 Ne6 15. Nd5 Nc6 16. Bc3 Ncd4 17. Nxd4 exd4 18. Bb4 c5 19. Bd2 f3 20. Bh1 Be5 21. b4 Qd6 22. Rfe1 d3 23. Qxd3 Nd4 24. bxc5 Qe6 25. Bc3 Ne2+ 26. Rxe2 fxe2 27. Qxe2 Bd7 28. Rd1 Bc6 29. Qe3 Rf7 30. f3 Raf8 31. a3 Ba4 32.
Rd2 Kh7 33. Rb2 Bc6 34. Qd3 h5 35. Bg2 hxg4 36. hxg4 Kg6 37. Ne3 Rd7 38. Qc2 Qf6 39. Bxe5 Qxe5 40. Nd5 Rh7 41. Qc3 Qg3 42. Rf2 Rh1+ 43.
Kxh1 Qxf2 44. Qe3 Rh8+ 0-1

[Event "*** Titled Tuesday Blitz"]
[Site "Chess.com"]
[Date "2019.09.03"]
[Round "5"]
[White "MarshKnight"]
[Black "Induwara_IM"]
[Result "1-0"]
[WhiteElo "2204"]
[BlackElo "2378"]
[TimeControl "180+2"]
[EndTime "16:06:20 PDT"]
[Termination "MarshKnight won by checkmate"]

1. e4 c6 2. d4 d5 3. Nc3 dxe4 4.
Nxe4 Nf6 5. Nxf6+ exf6 6. c3 Bd6 7. Bd3 O-O 8. Qc2 Re8+ 9. Ne2 h5 10. Be3 Na6 11.
O-O-O Nc7 12. Ng3 h4 13. Nf5 Bxf5 14. Bxf5 Nd5 15. Rhe1 Qa5 16. Kb1 b5 17. g3 b4 18.
c4 Nc3+ 19. bxc3 bxc3 20. Ka1 Ba3 21. Bc1 Bb2+ 22. Kb1 Reb8 23. Bf4 Rb4 24. Bd6 Rb7 25. Re7 Rxe7 26. Bxe7 Rb8 27. Bd6 Rb7 28. Bc8 Rb6 29. Bc7 hxg3 30. Bxb6 Qxb6 31. Qb3 Qc7 32. Qb7 Qf4 33.
Kc2 gxf2 34. Qd7 f1=Q 35. Rxf1 Qxf1 36. Qe8+ Kh7 37. Qxf7 Qf2+ 38. Kb3 Ba1 39. Qh5+ Kg8 40. Be6+ Kf8 41. Qf7# 1-0

[Event "*** Titled Tuesday Blitz"]
[Site "Chess.com"]
[Date "2019.09.03"]
[Round "5"]
[White "MartinMatthiesen"]
[Black "Denis_Palkovich"]
[Result "1-0"]
[WhiteElo "2445"]
[BlackElo "2225"]
[TimeControl "180+2"]
[EndTime "16:06:28 PDT"]
[Termination "MartinMatthiesen won on time"]

1. d4 d5 2. c4 Bf5 3. cxd5 Bxb1 4. Qa4+ Qd7 5. Qxd7+ Nxd7 6. Rxb1 Ngf6 7. Bd2 g6 8. f3 Nxd5 9. e4 N5b6 10. Bd3 Bg7 11. Ne2 O-O 12. Be3 c6 13. Kf2 e5 14. Rhc1 f5 15.
exf5 gxf5 16. dxe5 Nxe5 17. Bc2 Rad8 18. Nf4 Kh8 19.
Bb3 Nd3+ 20. Nxd3 Rxd3 21. Bc2 Rd7 22. Bc5 Re8 23. Rd1 Rxd1 24. Rxd1 f4 25. Bxb6 axb6 26.
Rd7 Bxb2 27. Rxh7+ Kg8 28. Rxb7 Bd4+ 29. Kf1 Re3 30. Bb3+ Kh8 31. Rf7 Be5 32. Rf5 Kg7 33. Bc2 Bd6 34. Be4 Rc3 35. Rg5+ Kf6 36. Rg6+ Ke5 37. g4 Bc5 38. Rxc6 Rc1+ 39. Ke2 Rh1 40. Rh6 Ra1 41. Kd3 1-0

[Event "*** Titled Tuesday Blitz"]
[Site "Chess.com"]
[Date "2019.09.03"]
[Round "5"]
[White "Kimster98"]
[Black "vova-79"]
[Result "1-0"]
[WhiteElo "2612"]
[BlackElo "2389"]
[TimeControl "180+2"]
[EndTime "16:06:30 PDT"]
[Termination "Kimster98 won on time"]

1. e4 e6 2. d4 d5 3. Nc3 dxe4 4. Nxe4 Nd7 5. Nf3 Ngf6 6. Bd3 c5 7. O-O Nxe4 8. Bxe4 Nf6 9. Bg5 cxd4 10. Nxd4 Be7 11. Bd3 O-O 12. Re1 Qd5 13. Bf4 Rd8 14. c3 Bd6 15.
Bxd6 Qxd6 16. Qe2 b6 17. Rad1 Bb7 18. Nf3 Qc6 19. Bb5 Qe4 20. Qxe4 Bxe4 21. Nd4 Kf8 22. f3 Bb7 23. Bc6 Bxc6 24. Nxc6 Rdc8 25. Ne5 Rd8 26. Nc6 Rdc8 27. Ne5 Rd8 28. Kf2 Ne8 29. Ke3 f6 30. Nc6 Rdc8 31. Nd4 e5 32. Nb5 Ke7 33. Rd2 a6 34. Na3 Rd8 35. Red1 Rxd2 36. Rxd2 Rd8 37.
Nc4 Rxd2 38. Nxd2 Kd6 39. b4 b5 40. c4 bxc4 41. Nxc4+ Kd5 42. Kd3 f5 43. Ne3+ Ke6 44.
Kc4 g5 45. Kc5 Nd6 46. Kb6 f4 47. Nd1 Nc4+ 48. Kxa6 Ne3 49. b5 Nxd1 50. b6 1-0

[Event "*** Titled Tuesday Blitz"]
[Site "Chess.com"]
[Date "2019.09.03"]
[Round "5"]
[White "NicoChasin"]
[Black "jorquerino"]
[Result "0-1"]
[WhiteElo "2478"]
[BlackElo "2316"]
[TimeControl "180+2"]
[EndTime "16:06:33 PDT"]
[Termination "jorquerino won by resignation"]

1. e4 d5 2. exd5 Nf6 3. d4 Bg4 4. Be2 Bxe2 5. Nxe2 Qxd5 6. O-O Nc6 7. b3 O-O-O 8. c4 Qh5 9. d5 e6 10. Nf4 Qxd1 11. Rxd1 exd5 12. cxd5 Nb4 13. Nc3 Bd6 14. a3 Bxf4 15. axb4 Bxc1 16. Raxc1 Rhe8 17. d6 c6 18. b5 Re6 19. bxc6 bxc6 20. Ra1 Kb8 21. g3 Rexd6 22. Rxd6 Rxd6 23. Re1 Re6 24. Rxe6 fxe6 25. Kf1 Kc7 26. Ke2 a5 27. Kd3 Kd6 28. Kc4 Nd7 29. Ne4+ Ke5 30. Ng5 h6 31. Nf7+ Kf6 32. Nd8 Nb6+ 33. Kc5 a4 34.
bxa4 Nxa4+ 35. Kxc6 Nc3 36. Kd6 Ne4+ 37. Kd7 e5 38. f3 Nd2 39. f4 e4 40. Ne6 Nb3 41. Nc7 Kf5 42. Nd5 h5 43. h3 Nd4 44. Ne3+ Kf6 45.
Kd6 Nf5+ 46. Nxf5 Kxf5 0-1

[Event "*** Titled Tuesday Blitz"]
[Site "Chess.com"]
[Date "2019.09.03"]
[Round "5"]
[White "Komissarov_alex"]
[Black "chickencrossroad"]
[Result "0-1"]
[WhiteElo "2105"]
[BlackElo "2521"]
[TimeControl "180+2"]
[EndTime "16:06:38 PDT"]
[Termination "chickencrossroad won on time"]

1. d4 d5 2. Nf3 Nf6 3. e3 c6 4. Nbd2 Bg4 5. c4 e6 6. Qb3 Qb6 7. c5 Qc7 8. Ne5 Bh5 9. f4 b6 10. cxb6 axb6 11. Bd3 Bg6 12. Nxg6 hxg6 13. Nf3 Bd6 14.
Ne5 O-O 15. Bd2 c5 16. Qc2 Nc6 17. O-O Rfc8 18. Rfc1 Ne7 19. a3 Qb7 20. Qd1 Ne4 21. Bxe4 dxe4 22. Nc4 Rd8 23. Nxd6 Rxd6 24. dxc5 bxc5 25.
Qc2 Rad8 26. Bc3 Nf5 27. Qe2 Rd3 28. Rd1 Nxe3 29. Rd2 Nc4 30. Rc2 Qd5 31. h3 Ne3 32. Rcc1 Nf5 33. Re1 e3 34. g4 Nh4 35. Rf1 Qe4 36.
Rae1 f5 0-1

[Event "*** Titled Tuesday Blitz"]
[Site "Chess.com"]
[Date "2019.09.03"]
[Round "5"]
[White "ALEXJR20"]
[Black "scaryninja"]
[Result "1-0"]
[WhiteElo "2229"]
[BlackElo "2479"]
[TimeControl "180+2"]
[EndTime "16:06:41 PDT"]
[Termination "ALEXJR20 won by checkmate"]

1. c4 e5 2. e3 Nc6 3. Nc3 Bb4 4. Nd5 Nge7 5. Nxb4 Nxb4 6. a3 Nbc6 7. b4 d6 8.
Bb2 O-O 9. Nf3 f5 10. d4 e4 11. Nd2 d5 12. cxd5 Nxd5 13. Bc4 Be6 14. Qb3 Nce7 15.
O-O c6 16. a4 Qe8 17. b5 Kh8 18. Ba3 Rf6 19. f3 exf3 20. Nxf3 Ng6 21. Ng5 Bg8 22.
Rae1 Qd7 23. e4 fxe4 24. Nxe4 Rxf1+ 25. Rxf1 Ne3 26. Qxe3 Bxc4 27. Rc1 cxb5 28. axb5 Bxb5 29. Nd6 Bc6 30. Qg5 Qe6 31. Rf1 Qd5 32. Nf5 Re8 33.
h4 Rg8 34. h5 Nh4 35. Rf2 Nxf5 36. Rxf5 Qd8 37. Qf4 Qe8 38. d5 Qe1+ 39. Kh2 Bd7 40. Rf8 Qb1 41. Rxg8+ Kxg8 42. Qf8# 1-0

[Event "*** Titled Tuesday Blitz"]
[Site "Chess.com"]
[Date "2019.09.03"]
[Round "5"]
[White "ahkashefi2800"]
[Black "ZeroRealtorFade"]
[Result "1-0"]
[WhiteElo "2102"]
[BlackElo "2343"]
[TimeControl "180+2"]
[EndTime "16:06:48 PDT"]
[Termination "ahkashefi2800 won on time"]

1. d4 Nf6 2. c4 c5 3. d5 b5 4. cxb5 a6 5. b6 g6 6. g3 d6 7.
Bg2 Qxb6 8. Nc3 Bg7 9. Nf3 O-O 10.
O-O Nbd7 11. Bf4 Qxb2 12. Na4 Qa3 13. Nd2 Rb8 14. Qc2 Rb4 15. Nc3 Nh5 16. Nb3 c4 17.
Rfb1 Nxf4 18. gxf4 Nb6 19. e4 Na4 20. e5 dxe5 21.
f5 e4 22. f6 Bxf6 23. Nxe4 cxb3 24. Nxf6+ exf6 25. axb3 Bf5 26. Qd2 Rxb3 27. Rxa3 Rxb1+ 28. Bf1 Rc8 29. Kg2 Rcc1 30. Bxa6 Rg1+ 31. Kf3 Bg4+ 32.
Ke3 Rge1+ 33. Kf4 h5 34. f3 g5+ 35. Kg3 Bf5 36. Rxa4 h4+ 37. Kf2 Rec1 38. d6 Kg7 39. d7 Bxd7 40. Qxd7 Rc2+ 41. Be2 Rbb2 42. Re4 1-0

[Event "*** Titled Tuesday Blitz"]
[Site "Chess.com"]
[Date "2019.09.03"]
[Round "5"]
[White "alishersuleymenov"]
[Black "Lunaticx"]
[Result "0-1"]
[WhiteElo "2631"]
[BlackElo "2848"]
[TimeControl "180+2"]
[EndTime "16:06:50 PDT"]
[Termination "Lunaticx won on time"]

1. d4 Nf6 2. Nf3 e6 3. Bf4 d5 4.
e3 Bd6 5. Bg3 b6 6. Nbd2 c5 7. c3 O-O 8. Bd3 Ba6 9. Bxa6 Nxa6 10. Qe2 Nb8 11. O-O Nc6 12. dxc5 Bxg3 13.
hxg3 bxc5 14. e4 Rb8 15. Rab1 Qa5 16. exd5 exd5 17. a3 Rfe8 18. Qd3 c4 19. Qf5 Qc5 20. Rfe1 h6 21. Rxe8+ Rxe8 22. Re1 Rb8 23. g4 Qd6 24. g5 hxg5 25. Nxg5 g6 26. Qh3 Kg7 27. Nf1 Qf4 28. Nf3 Rxb2 29. Qc8 Qd6 30. Ne3 Rb8 31. Qa6 Qc5 32. Rd1 Qb5 33. Qxb5 Rxb5 34. g4 Ne7 35. Nd4 Ra5 36. Re1 Kf8 37. Nec2 Rc5 38. f3 Nc6 39.
Rb1 Nxd4 40. Rb8+ Kg7 41. Nxd4 Ra5 42. Nc2 Nd7 43. Rd8 Nb6 44. Kf2 Na4 45. Ke3 Nxc3 46.
Kd4 Nb5+ 47. Ke3 Nxa3 48. Nb4 c3 49. Rxd5 Nc4+ 50. Kd3 c2 0-1

[Event "*** Titled Tuesday Blitz"]
[Site "Chess.com"]
[Date "2019.09.03"]
[Round "5"]
[White "HouseOfDurin"]
[Black "ChristianAlm"]
[Result "1-0"]
[WhiteElo "1982"]
[BlackElo "2287"]
[TimeControl "180+2"]
[EndTime "16:06:50 PDT"]
[Termination "HouseOfDurin won by resignation"]

1. d4 d5 2. Bg5 Nf6 3. Bxf6 exf6 4. e3 Bd6 5. c4 c6 6. cxd5 cxd5 7. Nc3 Be6 8. g3 Nd7 9. Bg2 Nb6 10. Nge2 O-O 11.
O-O Rc8 12. a3 Qd7 13. b4 Bh3 14. Qb3 Bxg2 15. Kxg2 Nc4 16. Rfd1 Bb8 17. b5 Rfe8 18. Rac1 h5 19. Na4 h4 20. Nb2 Qf5 21. Nxc4 dxc4 22.
Qc2 h3+ 23. Kf1 Qf3 24. Ke1 Bxg3 25. Nxg3 g6 26. Qe2 Qg2 27. Rxc4 Rxc4 28. Qxc4 Qxh2 29. Ke2 Qg2 30. Rh1 f5 31. Qc1 f4 32. Qf1 Qd5 33. Qxh3 Qxb5+ 34. Kf3 Qd5+ 35. Kxf4 Qd6+ 36. Kf3 Qd5+ 37.
Ke2 Qa2+ 38. Kf1 Qc4+ 39. Kg2 Qd5+ 40. f3 Qa2+ 41. Kf1 Qb1+ 42. Kf2 Qb2+ 43. Ne2 Kf8 44.
Qh8+ Ke7 45. Qe5+ Kd7 46. Qd5+ Kc8 47. Qxf7 Rd8 48. Rh7 Kb8 49. Qc7+ 1-0

[Event "*** Titled Tuesday Blitz"]
[Site "Chess.com"]
[Date "2019.09.03"]
[Round "5"]
[White "Potosino1970"]
[Black "imdvb6307"]
[Result "0-1"]
[WhiteElo "2559"]
[BlackElo "2428"]
[TimeControl "180+2"]
[EndTime "16:06:58 PDT"]
[Termination "imdvb6307 won by resignation"]

1. e4 e5 2. Nf3 Nf6 3. Nxe5 d6 4. Nf3 Nxe4 5. Bd3 Nf6 6. O-O Be7 7. c3 O-O 8. h3 c5 9. Bc2 Nc6 10. d4 d5 11. dxc5 Bxc5 12. Bg5 Be6 13. Nbd2 h6 14. Bh4 Bd6 15. Nb3 Re8 16. Qd3 g5 17. Nxg5 hxg5 18. Bxg5 Ne5 19. Qd4 Ned7 20. Rae1 Be7 21. f4 Nf8 22. f5 N8h7 23. Bh6 Bd7 24. Re3 Bf8 25. Rg3+ Kh8 26. Bxf8 Rxf8 27. Nc5 Bb5 28. Re1 Qb6 29.
Rge3 Rae8 30. a4 Bc6 31. b4 Rxe3 32. Rxe3 Re8 33. Rxe8+ Bxe8 34. g4 Kg8 35. h4 Qc7 36. Kg2 b6 37. Na6 Qc4 38. Qxc4 dxc4 39. Kf3 Bc6+ 40.
Kf4 Nd5+ 41. Ke5 Nxc3 42. Kd6 Bxa4 43. Bxa4 Nxa4 44. b5 c3 45. Nb4 Nf6 46. g5 Ne4+ 47. Kc7 Nd2 48. Kd7 Nf3 49. Ke7 Nxh4 50. f6 Ng6+ 51. Ke8 Ne5 52. Ke7 Kh7 53. Kd6 Nf3 54. Ke7 Kg6 0-1

[Event "*** Titled Tuesday Blitz"]
[Site "Chess.com"]
[Date "2019.09.03"]
[Round "5"]
[White "JakeCarlosBanawa"]
[Black "SONOFHOLYGOD"]
[Result "1-0"]
[WhiteElo "2513"]
[BlackElo "2571"]
[TimeControl "180+2"]
[EndTime "16:07:07 PDT"]
[Termination "JakeCarlosBanawa won by checkmate"]

1. d4 Nf6 2. c4 e6 3. Nc3 d5 4.
cxd5 exd5 5. Bg5 Be7 6. e3 O-O 7. Qc2 c5 8. Nf3 Nc6 9. Rd1 cxd4 10. Nxd4 Nxd4 11. Rxd4 Be6 12. Be2 Rc8 13. O-O Ne4 14.
Bxe7 Qxe7 15. Qb3 Nxc3 16. bxc3 Rfd8 17. Bf3 Rc5 18. Rfd1 Rdc8 19. Rc1 Rd8 20. g3 g6 21.
Kg2 b6 22. h4 h5 23. Rcd1 Rdc8 24. Rc1 Qb7 25. Rc2 Qc6 26. Rc1 Rxc3 27. Rxc3 Qxc3 28.
Bxd5 Qxb3 29. Bxb3 Bxb3 30. axb3 Rc3 31. b4 Rb3 32.
Kf3 Kg7 33. Ke4 Rb2 34. f4 a5 35. bxa5 bxa5 36. Ra4 Rg2 37. Kf3 Rb2 38. Rxa5 Rb4 39. g4 hxg4+ 40. Kxg4 f5+ 41. Kg5 Rb6 42. Ra7+ Kf8 43.
Rh7 Re6 44. Rh6 Kf7 45. h5 Rxe3 46. Rh7+ Ke6 47. hxg6 Rg3+ 48. Kh6 Rg4 49. Ra7 Rh4+ 50. Kg5 Rg4+ 51. Kh5 Rh4+ 52. Kxh4 Kf6 53. g7 Kg6 54. g8=Q+ Kh6 55. Qg7# 1-0

[Event "*** Titled Tuesday Blitz"]
[Site "Chess.com"]
[Date "2019.09.03"]
[Round "5"]
[White "Padenie_Zvezd"]
[Black "Vuks91"]
[Result "0-1"]
[WhiteElo "2785"]
[BlackElo "2608"]
[TimeControl "180+2"]
[EndTime "16:07:10 PDT"]
[Termination "Vuks91 won by resignation"]

1. e4 c6 2. d4 d5 3. Nc3 dxe4 4.
Nxe4 Nf6 5. Nxf6+ exf6 6. c3 Bd6 7. Bd3 O-O 8. Ne2 Re8 9. Qc2 h5 10. O-O h4 11. h3 Nd7 12. Bd2 Nf8 13. Rae1 Qc7 14. Kh1 Bd7 15. Ng1 Be6 16. Nf3 Qd7 17. Nxh4 Bxh3 18. Nf5 Bxf5 19. Bxf5 Qc7 20. c4 g6 21. Bd3 Ne6 22. Bc3 Kg7 23. g3 Bxg3 24. Kg2 Bd6 25. Re3 Nf4+ 26. Kf3 Rh8 27. Rg1 Rh3+ 28.
Rg3 Rxg3+ 29. fxg3 Nxd3 30. Qxd3 Bxg3 31. Ke2 Bf4 32.
Re4 Rh8 33. Qf3 Rh2+ 34. Kd3 g5 35. Qg4 Kg6 36. Re8 Kg7 37. Qf5 b5 38. c5 b4 39. Bxb4 Qb7 40. Kc4 Qb5+ 41. Kb3 a5 42. a3 axb4 43. a4 Qf1 44. Qc8 Qd3+ 45. Ka2 Qc4+ 0-1

[Event "*** Titled Tuesday Blitz"]
[Site "Chess.com"]
[Date "2019.09.03"]
[Round "5"]
[White "YQPerez"]
[Black "Thjop"]
[Result "1-0"]
[WhiteElo "2771"]
[BlackElo "2566"]
[TimeControl "180+2"]
[EndTime "16:07:10 PDT"]
[Termination "YQPerez won by resignation"]

1. e4 e6 2. d3 d5 3. Nd2 c5 4. Ngf3 Nc6 5. g3 g6 6. Bg2 Bg7 7. O-O Nge7 8. Re1 O-O 9. c3 b6 10. e5 Qc7 11. Qe2 h6 12. h4 Bd7 13. Nf1 f6 14. Bf4 fxe5 15. Nxe5 Nxe5 16. Bxe5 Bxe5 17. Qxe5 Qxe5 18. Rxe5 Rf5 19. Re2 Rd8 20. Bh3 Rf6 21.
Nh2 h5 22. Rae1 Nf5 23. Bxf5 exf5 24. f4 Bb5 25. Rd2 d4 26. c4 Bc6 27. Rde2 Kf8 28.
Kf2 a5 29. Re6 Rd6 30. R6e5 Rd8 31. Nf1 Re8 32. Nd2 Rxe5 33. fxe5 Rf7 34. Nf3 f4 35. Ng5 fxg3+ 36. Kxg3 Rf5 37. b3 Ke7 38. a3 Rf8 39. b4 axb4 40. axb4 Ra8 41. b5 Bd7 42. e6 Be8 43.
Kf4 Ra3 44. Ke4 Ra2 45. Kd5 Rf2 46. Ra1 Rf5+ 47. Ke4 Kf6 48. Ra8 Re5+ 49. Kf4 Rf5+ 50.
Kg3 Ke7 51. Rb8 Re5 52. Rxb6 Re3+ 53. Kf4 Rxd3 54. Rb7+ Kf6 55. Ne4+ Kxe6 56. Nxc5+ Kd6 57. Nxd3 1-0

[Event "*** Titled Tuesday Blitz"]
[Site "Chess.com"]
[Date "2019.09.03"]
[Round "5"]
[White "BASSU1"]
[Black "TenisMaster"]
[Result "1-0"]
[WhiteElo "2558"]
[BlackElo "2773"]
[TimeControl "180+2"]
[EndTime "16:07:11 PDT"]
[Termination "BASSU1 won by resignation"]

1. e4 c5 2. Nf3 e6 3. g3 b6 4. Bg2 Bb7 5. Nc3 d6 6. d4 cxd4 7. Nxd4 Nd7 8. O-O a6 9. Re1 Be7 10. Bh3 Bf6 11. Bxe6 fxe6 12. Nxe6 Qc8 13. Bf4 Nc5 14.
Nxg7+ Bxg7 15. Qh5+ Kf8 16. Bxd6+ Ne7 17. Nd5 Qe6 18.
Bxe7+ Kg8 19. Bxc5 bxc5 20. Nc7 Qf7 21. Qxf7+ Kxf7 22. Nxa8 Rxa8 23. Rad1 Ke7 24. c3 Bc6 25. f4 Rb8 26.
Rd2 c4 27. e5 Bf8 28. h3 Ke6 29. g4 Bc5+ 30. Kh2 h5 31. f5+ Ke7 32. g5 Rf8 33. Rf1 Be3 34. f6+ Kf7 35. e6+ Kg6 36. e7 Rf7 37. Re2 Bxg5 38. e8=Q Bxe8 39. Rxe8 Bxf6 40.
Re6 Kg5 41. h4+ Kg6 42. Kg3 a5 43. Rf4 Kg7 44. Rfxf6 Rxf6 45. Rxf6 Kxf6 46. Kf4 a4 47. a3 Ke6 48. Kg5 Ke5 49. Kxh5 Kf5 50. Kh6 Ke4 51.
Kg5 Kd3 52. h5 Kc2 53. h6 Kxb2 54. h7 Kxa3 55. h8=Q Kb3 56. Qh1 a3 57. Qc1 a2 58.
Qa1 Kc2 59. Kf4 Kd3 60. Ke5 1-0

[Event "*** Titled Tuesday Blitz"]
[Site "Chess.com"]
[Date "2019.09.03"]
[Round "5"]
[White "hansen"]
[Black "Kriari"]
[Result "1-0"]
[WhiteElo "2880"]
[BlackElo "2911"]
[TimeControl "180+2"]
[EndTime "16:07:12 PDT"]
[Termination "hansen won by resignation"]

1. e4 e5 2. Nf3 Nc6 3. Bb5 Nf6 4.
d3 Ne7 5. O-O c6 6. Ba4 Ng6 7. Re1 Be7 8. c3 O-O 9. Nbd2 a5 10. Nf1 b5 11. Bc2 a4 12. d4 d6 13. h3 Re8 14. Ng3 Bf8 15. Be3 h6 16. Qd2 Be6 17. b3 axb3 18. axb3 Rxa1 19. Rxa1 Qb8 20.
Qc1 b4 21. c4 c5 22. dxe5 Nxe5 23. Nxe5 dxe5 24. Ra6 Bc8 25. Rxf6 gxf6 26. Bxh6 Qd6 27.
Nh5 Kh7 28. Be3 Bd7 29. Qe1 Kg6 30. f4 Bh6 31. Qh4 Rh8 32. f5+ Kh7 33. Nxf6+ Kg7 34.
Bxh6+ Rxh6 35. Qg5+ Rg6 36. Nh5+ Kf8 37. fxg6 fxg6 38.
Qh6+ Ke7 39. Qg5+ Kf7 40. Ng3 Qd4+ 41. Kh2 Qc3 42. Qc1 Be6 43. Qf1+ Kg7 44. Qd3 Qe1 45. Qd6 Kf6 46. Qf8+ Bf7 47. Qxc5 Qc3 48. Qf2+ Kg7 49.
Qe2 Qb2 50. Qd3 Be6 51. c5 Qc1 52. c6 Qf4 53. c7 Bxh3 54. gxh3 Qf2+ 55. Kh1 Qe1+ 56.
Kg2 1-0

[Event "*** Titled Tuesday Blitz"]
[Site "Chess.com"]
[Date "2019.09.03"]
[Round "5"]
[White "albano87"]
[Black "pheonixking2000"]
[Result "0-1"]
[WhiteElo "2084"]
[BlackElo "2712"]
[TimeControl "180+2"]
[EndTime "16:07:12 PDT"]
[Termination "pheonixking2000 won by resignation"]

1. d4 Nf6 2. Nf3 c5 3. e3 g6 4. Be2 Bg7 5. O-O O-O 6. dxc5 Qc7 7. a3 a5 8. Bd2 Na6 9. b4 Ne4 10. Ra2 b6 11. cxb6 Qxb6 12. b5 Nac5 13. c4 Bb7 14. Qc2 Rac8 15. Nc3 Nxd2 16. Qxd2 e6 17. Nd4 Qc7 18. Rd1 Rfd8 19. Rc2 Qb8 20. Bf3 e5 21.
Bxb7 exd4 22. exd4 Nb3 23. Qe3 Qxb7 24. Nd5 a4 25. Ne7+ Kf8 26. Nxc8 Rxc8 27. d5 d6 28. Re2 Kg8 29. Qf4 Be5 30. Rxe5 dxe5 31. Qxe5 Nc5 32. d6 Qd7 33. h4 Ne6 34. b6 Qc6 35. c5 Qxc5 36. d7 Rd8 37. Qf6 Qxb6 38.
h5 gxh5 39. Re1 Rxd7 40. Re3 h4 41. Qxh4 Qb1+ 42. Kh2 Qf5 43. Rg3+ Kf8 44. Qxa4 Qh5+ 45. Rh3 Qe5+ 46. Rg3 Rd4 47. Qa8+ Ke7 48. Qb7+ Kf6 49. Qf3+ Rf4 50. Qc3 Qxc3 51. Rd3 Qxd3 0-1

[Event "*** Titled Tuesday Blitz"]
[Site "Chess.com"]
[Date "2019.09.03"]
[Round "5"]
[White "eljanov"]
[Black "Duhless"]
[Result "1-0"]
[WhiteElo "2931"]
[BlackElo "2981"]
[TimeControl "180+2"]
[EndTime "16:07:13 PDT"]
[Termination "eljanov won by resignation"]

1. Nf3 Nf6 2. c4 g6 3. Nc3 Bg7 4. g3 b6 5. Bg2 Bb7 6. O-O c5 7.
d4 cxd4 8. Qxd4 d6 9. Qh4 h5 10. h3 Nbd7 11. Be3 Rc8 12. Rac1 O-O 13. b3 a6 14. g4 hxg4 15. hxg4 Rc7 16. Ng5 Bxg2 17.
Kxg2 Qa8+ 18. f3 Rfc8 19. Rh1 b5 20. Nce4 bxc4 21. Nxf6+ Nxf6 22. Ne4 Nxe4 23. Qh7+ Kf8 24. Bh6 Ke8 25. Qxg7 Nf6 26. Bg5 Qd5 27. Bxf6 exf6 28.
Qxf6 cxb3 29. Rxc7 Rxc7 30. Rh8+ Kd7 31. axb3 Kc6 32. Rb8 Qe6 33. Qxe6 fxe6 34. Rg8 Kd5 35. Rxg6 Rb7 36. g5 Rxb3 37. Rg8 Rb2 38. Kf2 Ke5 39.
Rf8 Rb7 40. Kg3 a5 41. Kg4 a4 42. Ra8 Rb4+ 43. e4 d5 44. g6 dxe4 45. g7 e3+ 46. Kg3 e2 47. Kf2 Rb1 48. Kxe2 Rg1 49. g8=Q Rxg8 50. Rxg8 Kd4 51. Ra8 e5 52. Rxa4+ Kd5 1-0

[Event "*** Titled Tuesday Blitz"]
[Site "Chess.com"]
[Date "2019.09.03"]
[Round "5"]
[White "yiy1156"]
[Black "area_5"]
[Result "0-1"]
[WhiteElo "2560"]
[BlackElo "2713"]
[TimeControl "180+2"]
[EndTime "16:07:16 PDT"]
[Termination "area_5 won by checkmate"]

1. e4 e6 2. d4 d5 3. e5 c5 4. c3 Nc6 5. Nf3 Qb6 6. a3 c4 7.
Nbd2 Na5 8. Be2 Bd7 9. O-O Ne7 10.
Rb1 Qc7 11. Re1 Nc8 12. Nf1 Nb6 13. Bf4 Ba4 14. Qc1 h6 15. h3 Be7 16. Bh2 O-O-O 17. Qf4 Rdf8 18. Ne3 g5 19. Qg3 Rfg8 20. Nd2 h5 21.
Qf3 Bd8 22. Bd1 Bxd1 23. Rexd1 Qe7 24. b4 cxb3 25. Nxb3 g4 26. hxg4 hxg4 27. Qg3 Nac4 28. Nd2 Nxd2 29. Rxd2 Rh4 30. Rdb2 Qxa3 31. Rb5 Kb8 32.
R5b3 Qa6 33. Rb5 Rgh8 34. Nxg4 Qa4 35. R1b3 Qc4 36. Qf3 Qc7 37. g3 R4h7 38. Qe3 Ka8 39. Kg2 Qc4 40. Bg1 Qa4 41. Qc1 Qa2 42. Rb2 Qc4 43.
Qe3 Rh1 44. R2b4 Qa2 45. Rb2 Qa1 46. Rb1 Qa4 47. R1b3 R1h3 48. Qf3 R3h7 49. Qe3 Rg8 50. Nf6 Bxf6 51. exf6 Qc4 52. R3b4 Qc8 53. Qf3 e5 54. dxe5 Qh3# 0-1

[Event "*** Titled Tuesday Blitz"]
[Site "Chess.com"]
[Date "2019.09.03"]
[Round "5"]
[White "cherryandmint"]
[Black "Gubajdullin"]
[Result "1-0"]
[WhiteElo "2811"]
[BlackElo "2610"]
[TimeControl "180+2"]
[EndTime "16:07:18 PDT"]
[Termination "cherryandmint won by resignation"]

1. e4 c6 2. d4 d5 3. e5 Bf5 4. Nf3 e6 5. Be2 Nd7 6. O-O h6 7. Nbd2 Ne7 8. Re1 Bh7 9. Nb3 Ng6 10. a4 Be7 11. a5 a6 12. c4 dxc4 13. Bxc4 O-O 14.
Bd3 Qc7 15. Be3 Rfd8 16. Rc1 Kh8 17. Qc2 Ngf8 18. Bxh7 Nxh7 19. Nfd2 Nhf8 20. Ne4 Ng6 21. f4 Nh4 22. Bf2 Ng6 23. g3 Bf8 24. Red1 Ne7 25. Nd6 Kg8 26. f5 exf5 27. Nxf5 Nd5 28. Qe4 Rac8 29. Rf1 Re8 30. Qg4 g6 31. Be3 Nxe3 32. Nxe3 Bg7 33. Nc4 Re7 34. Nd6 Rd8 35. Rf2 h5 36. Qh4 Nf8 37. Rcf1 Rdd7 38. Nc5 Rxd6 39. exd6 Qxd6 40. Ne4 Qxd4 41. Qxe7 f5 42. Ng5 h4 43. Qf7+ Kh8 44. Kh1 Qe5 45. Rf4 Qd5+ 46. Qxd5 cxd5 47. Rxh4+ Kg8 48. Rb4 Bh6 49. Nf3 b5 50.
axb6 Nd7 51. b7 Nb8 52. Rd1 a5 53. Rb5 a4 54. Rdxd5 a3 55. bxa3 Kf7 56. Rd8 Nc6 57.
Rc8 Ne5 58. Nxe5+ 1-0